 Dungeon Crawl Stone Soup version 0.18-a0-19-g8b99b3a (webtiles) character file.

124 wvc the Cutter (level 4, 0/22 HPs)
             Began as a Spriggan Artificer on Nov 1, 2015.
             Slain by a gnoll
             ... wielding a +0 spear
              (3 damage)
             ... on level 2 of the Dungeon.
             The game lasted 00:04:23 (3071 turns).

wvc the Cutter (Spriggan Artificer)                 Turns: 3071, Time: 00:04:23

Health: 0/22       AC:  2    Str:  7    XL:     4   Next: 81%
Magic:  8/8        EV: 18    Int: 14    God:
Gold:   67         SH:  0    Dex: 16    Spells: 0 memorised, 3 levels left

rFire  . . .     SeeInvis +     a - +0 short sword
rCold  . . .     Clarity  .     b - +0 robe
rNeg   . . .     SustAt   .     (shield restricted)
rPois  .         Gourm    .     (helmet restricted)
rElec  .         Spirit   .     (no cloak)
rCorr  .         Warding  .     (gloves unavailable)
rMut   .         Stasis   .     (boots unavailable)
MR     .....                    (no amulet)
Stlth  +++.......               (no ring)
                                m - ring of stealth

@: very quick, not resistant to hostile enchantments, fairly stealthy
A: unfitting armour, see invisible, herbivore 3, speed 3, slow metabolism 2
a: no special abilities


You were on level 2 of the Dungeon.
You were not hungry.

You visited 1 branch of the dungeon, and saw 2 of its levels.

You collected 67 gold pieces.

Inventory:

Hand Weapons
 a - a +0 short sword (weapon)
 l - a +0 hunting sling
Armour
 b - a +0 robe (worn)
Jewellery
 m - a ring of stealth (left hand)
Wands
 c - a wand of flame (15)
 d - a wand of enslavement (13)
 e - a wand of random effects (15)
Scrolls
 g - 2 scrolls of blinking {unknown}
 h - a scroll of teleportation {unknown}
 i - a scroll of immolation {unknown}
 j - 2 scrolls of remove curse {unknown}
 k - 5 scrolls of magic mapping {unknown}
 o - a scroll of identify {unknown}
Comestibles
 f - 3 bread rations
 n - a fruit


   Skills:
 - Level 1.5 Fighting
 * Level 4.8 Short Blades
 - Level 3.0 Dodging
 - Level 1.5 Stealth
 - Level 4.0 Evocations


You had 3 spell levels left.
You didn't know any spells.

Dungeon Overview and Level Annotations

Branches:
Dungeon (2/15)

Altars:
The Shining One


Innate Abilities, Weirdness & Mutations

You are tiny and cannot use many weapons and most armour.
You have supernaturally acute eyesight.
You are a herbivore.
You cover ground extremely quickly.
You need consume almost no food.


Message History

You hit the gnoll.
The gnoll is moderately wounded.
The gnoll barely misses you.
You barely miss the gnoll.
The gnoll is moderately wounded.
You closely miss the gnoll.
The gnoll is moderately wounded.
The gnoll hits you with a spear!
You barely miss the gnoll.
The gnoll is moderately wounded.
The gnoll completely misses you.
You hit the gnoll.
The gnoll is severely wounded.
The gnoll hits you with a spear!
* * * LOW HITPOINT WARNING * * *
You are too injured to fight recklessly!
You are too injured to fight recklessly!
You are too injured to fight recklessly!
The gnoll hits you from afar with a spear.
You die...

#.......# #..........#
######### #..........#
#################### ####
#..........# # ...#
#..........# # ...#
#..........# # ...#######
#..........#########
...'.....#
#....g...).'........
...#####.#
#..@.......######### ..)#
#.# #.###.#............#
...# #.# #.#
#.#.##########.# ...#
#.#####.# #.#.#........#.#
####
#.......#####.#...####.#.#
#..####.....#.#.......<#.#
#..# #.....#.#....#..g#.#
#..# ##.##..#.#........#.#
#..###...#..#.#........#.#


You could see a gnoll.

Vanquished Creatures
  Ijyb (D:2)
  4 adders
  A worm (D:2)
  6 hobgoblins
  3 bats (D:1)
  5 giant cockroaches
  2 giant geckos (D:1)
  2 giant newts (D:1)
  7 goblins (D:1)
  8 jackals (D:1)
  4 kobolds
  7 rats
50 creatures vanquished.

Vanquished Creatures (collateral kills)
  2 gnolls (D:2)
2 creatures vanquished.

Grand Total: 52 creatures vanquished

Notes
Turn   | Place    | Note
--------------------------------------------------------------
     0 | D:1      | wvc the Spriggan Artificer began the quest for the Orb.
     0 | D:1      | Reached XP level 1. HP: 9/9 MP: 4/4
   244 | D:1      | Reached skill level 1 in Fighting
   679 | D:1      | Reached XP level 2. HP: 9/14 MP: 6/6
  1250 | D:1      | Reached XP level 3. HP: 18/18 MP: 7/7
  1525 | D:2      | Noticed Ijyb
  1527 | D:2      | Found a glowing golden altar of the Shining One.
  2061 | D:2      | Found a faded altar to an unknown god.
  2410 | D:2      | Reached XP level 4. HP: 9/22 MP: 8/8
  2673 | D:2      | Killed Ijyb
  3071 | D:2      | Slain by a gnoll

Vault maps used:
D:1:      lemuel_arrival_funnel, minmay_hedge_maze
D:2:      nicolae_overflow_crystal_walls, first_bread, ecumenical_altar_2,
          uniq_iyjb

Action                   |  1- 3 |  4- 6 || total
-------------------------+-------+-------++-------
Melee: Short sword       |   205 |    49 ||   254
Evoke: Wand              |     2 |       ||     2
 Stab: Sleeping          |     6 |       ||     6
       Distracted        |     1 |     1 ||     2
